Description

Replay - ggtracker_6909843

Build Order

Get SALT Encoding   

  12  0:01  Probe (Chrono Boost)  
  13  0:11  Probe (Chrono Boost)  
  14  0:17  Pylon  
  14  0:22  Probe (Chrono Boost)  
  15  0:35  Probe (Chrono Boost)  
  16  0:37  Gateway  
  16  0:45  Probe (Chrono Boost)  
  16  0:49  Assimilator  
  17  0:52  Assimilator  
  17  0:56  Probe (Chrono Boost)  
  18  1:07  Probe (Chrono Boost)  
  19  1:17  Probe (Chrono Boost)  
  20  1:24  Cybernetics Core  
  20  1:28  Probe (Chrono Boost)  
  21  1:36  Pylon  
  21  1:38  Probe (Chrono Boost)  
  22  1:46  Pylon  
  22  1:49  Probe (Chrono Boost)  
  23  1:59  Warp Gate  
  23  2:01  Adept, Mothership Core (Chrono Boost)  
  27  2:16  Stargate  
  27  2:27  Gateway  
  27  2:31  Stalker  
  29  2:39  Gateway  
  29  2:48  Probe (Chrono Boost)  
  29  3:03  Pylon  
  29  3:04  Pylon  
  29  3:29  Oracle  
  29  3:39  Gateway  
  28  4:00  Void Ray  
  27  4:03  Pylon  
  27  4:07  Stalker  
  27  4:08  Stalker  
  30  4:31  Stalker x2  
  30  4:32  Stalker  
  36  4:47  Stalker  
  38  4:59  Void Ray  
  40  5:09  Zealot x3  
  36  5:27  Stalker  
  38  5:37  Stalker x2  
  38  5:38  Zealot  
Spawning Tool Build Advisor. Get it on Overwolf

Go to:

Details

  • Created by: absolitaire
  • Published on: Dec 23, 2016
  • Modified on: Dec 23, 2016
  • Patch: 3.8.0
Show
View Real Time Build Order
Export as new Build Order

Comments (0)

There are no comments. Be the first!

Create an account to comment!